 Dungeon Crawl Stone Soup version 0.31.0-9-g3a7656b989 (webtiles) character file.

Game seed: 17763914279743158040

296 qw the Skirmisher (level 6, -3/35 HPs)
             Began as a Deep Elf Hunter on Feb 2, 2024.
             Incinerated by a bombardier beetle (4 damage)
             ... with a burning spray
             ... on level 3 of the Dungeon.
             The game lasted 00:00:07 (2014 turns).

qw the Skirmisher (Deep Elf Hunter)                 Turns: 2014, Time: 00:00:07

Health: -3/35      AC:  9    Str: 10    XL:     6   Next: 12%
Magic:  8/8        EV: 16    Int: 14    God:
Gold:   61         SH:  0    Dex: 18    Spells: 5/5 levels left

rFire   . . .        a - +0 shortbow
rCold   . . .        (shield currently unavailable)
rNeg    . . .        h - +1 ring mail
rPois   .            (no helmet)
rElec   .            (no cloak)
rCorr   .            b - +2 pair of gloves
SInv    .            (no boots)
Will    .....        (no amulet)
Stlth   +            d - +5 ring of evasion
HPRegen 0.25/turn    (no ring)
MPRegen 0.11/turn

%: no passive effects
@: on fire, glowing
A: no striking features
a: no special abilities


You were on level 3 of the Dungeon.
You visited 1 branch of the dungeon, and saw 3 of its levels.

You collected 85 gold pieces.
You spent 24 gold pieces at shops.


   Skills:
 - Level 2.0 Fighting
 + Level 9.6 Ranged Weapons
 - Level 2.4 Dodging
 - Level 1.2 Stealth


You had 5 spell levels left.
You didn't know any spells.
Your spell library was empty.

Inventory:

Hand Weapons
 a - a +0 shortbow (weapon)
Armour
 b - a +2 pair of gloves (worn)
 h - a +1 ring mail (worn)
Jewellery
 d - a +5 ring of evasion (left hand)
Scrolls
 c - a scroll of poison {unknown}
Potions
 e - a potion of invisibility {unknown}

Dungeon Overview and Level Annotations

Branches:
Dungeon (3/15)

Altars:
Vehumet
Zin

Shops:
D:2 ?

Annotations:
D:2 1 runed translucent door, Crazy Yiuf


Message History

The arrow hits the bombardier beetle but does no damage.
The bombardier beetle is lightly wounded.
The bombardier beetle bites you.
You shoot an arrow. The arrow hits the bombardier beetle.
The bombardier beetle is heavily wounded.
The bombardier beetle bites you but does no damage.
You shoot an arrow. The arrow hits the bombardier beetle.
The bombardier beetle is severely wounded.
You shoot an arrow.
The arrow barely misses the bombardier beetle.
The bombardier beetle sprays incendiary fluid at you.
The burning spray hits you.
You are covered in liquid fire!
You shoot an arrow. The arrow hits the bombardier beetle.
You kill the bombardier beetle!
The liquid fire burns you!
You have reached level 6!
You are on fire!
The liquid fire burns you!
You are on fire!
The liquid fire burns you!
You are on fire!
The liquid fire burns you!
You are on fire!
The liquid fire burns you!
You are on fire!
The liquid fire burns you!
You are on fire!
The liquid fire burns you!
You are on fire!
The liquid fire burns you!
You are on fire!
The liquid fire burns you!
You are on fire!
The liquid fire burns you!
You are on fire!
The liquid fire burns you!
You are on fire!
The liquid fire burns you!
You die...

#######..##....
#.........
##########.##......
...#.....#.# ......
...........# ...[.
...........# #....
.....%.....# ...#
...........#... .##
.......@........
..............##
....../........#
.......###.###.#
...#... .# .#
######. +# #. #.


There were no monsters in sight!

Vanquished Creatures
  Sigmund (D:2)
  A bombardier beetle (D:3)
  Jessica (D:2)
  A statue (D:3)
  An adder (D:3)
  A dart slug (D:2)
  2 ribbon worms
  4 orcs
  3 endoplasms (D:2)
  2 giant cockroaches
  3 goblins
  2 jackals (D:1)
  A kobold (D:1)
  5 quokkas
  8 ball pythons
  9 bats
  2 frilled lizards (D:1)
  2 rats
49 creatures vanquished.

Notes
Turn   | Place    | Note
-------+----------+-------------------------------------------
     0 | D:1      | qw the Deep Elf Hunter began the quest for the Orb.
     0 | D:1      | Reached XP level 1. HP: 12/12 MP: 3/3
     0 | D:1      | 0 ||| qw: Version: 0.3-a-155-g5e7d8dd
     0 | D:1      | 0 ||| qw: Game counter: 815
     0 | D:1      | 0 ||| qw: Melee chars always use a shield: true
     0 | D:1      | 0 ||| qw: God list: Okawaru
     0 | D:1      | 0 ||| qw: Allow faded altars: false
     0 | D:1      | 0 ||| qw: Do Orc after clearing Dungeon:15 true
     0 | D:1      | 0 ||| qw: Do second Lair branch before Depths: true
     0 | D:1      | 0 ||| qw: Lair rune preference: random
     0 | D:1      | 0 ||| qw: Goals: Normal
     0 | D:1      | 0 ||| PLANNING D:1-11
   115 | D:1      | Reached skill level 6 in Ranged Weapons
   115 | D:1      | Reached XP level 2. HP: 16/16 MP: 4/4
   496 | D:1      | 496 ||| UPGRADING to +0 ring mail.
   506 | D:1      | 506 ||| DROPPING +0 leather armour.
   507 | D:1      | 507 ||| UPGRADING to +5 ring of evasion.
   508 | D:1      | 508 ||| READING scroll labelled FETHRI PIEFASOO.
   609 | D:1      | 609 ||| READING scroll labelled YBBAUPUCURR.
   609 | D:1      | 609 ||| IDENTIFYING lumpy emerald potion
   610 | D:1      | 610 ||| READING 2 scrolls labelled JAILIXTO TUIS.
   611 | D:1      | 611 ||| READING scroll labelled GISOMI GARUEXEMIU.
   612 | D:1      | 612 ||| READING scroll labelled PUCOSOACZIC.
   613 | D:1      | 613 ||| DROPPING scroll of butterflies.
   614 | D:1      | 614 ||| DROPPING scroll of noise.
   664 | D:2      | Noticed Jessica
   666 | D:2      | Killed Jessica
   667 | D:2      | Reached skill level 7 in Ranged Weapons
   667 | D:2      | Reached XP level 3. HP: 20/20 MP: 5/5
   868 | D:2      | Found Yboygge's Magic Scroll Emporium.
   875 | D:2      | 875 ||| BUYING scroll of identify (24 gold).
   875 | D:2      | Bought a scroll of identify for 24 gold pieces
   875 | D:2      | 875 ||| SHOPLISTING scroll of identify (24 gold, have 9).
   875 | D:2      | 875 ||| SHOPLISTING scroll of teleportation (36 gold, have
                  | 9).
  1023 | D:2      | Noticed Sigmund
  1024 | D:2      | 1024 ||| DRINKING potion of haste.
  1029 | D:2      | 1029 ||| DRINKING grey potion.
  1037 | D:2      | Killed Sigmund
  1038 | D:2      | Reached skill level 9 in Ranged Weapons
  1038 | D:2      | Reached XP level 4. HP: 16/25 MP: 6/6
  1038 | D:2      | Reached XP level 5. HP: 19/29 MP: 7/7
  1427 | D:2      | Found a runed translucent door.
  1428 | D:2      | Noticed Crazy Yiuf
  1589 | D:2      | 1589 ||| UPGRADING to +2 pair of gloves.
  1594 | D:2      | 1594 ||| READING 2 scrolls of identify.
  1594 | D:2      | 1594 ||| IDENTIFYING 2 sedimented coppery potions
  1595 | D:2      | 1595 ||| READING scroll of identify.
  1595 | D:2      | 1595 ||| IDENTIFYING scroll labelled ARELOK GACRO
  1596 | D:2      | 1596 ||| READING scroll of enchant armour.
  1596 | D:2      | 1596 ||| ENCHANTING +0 ring mail.
  1597 | D:2      | 1597 ||| READING 2 scrolls labelled WERRUM YJENAT.
  1598 | D:2      | 1598 ||| READING scroll labelled SYALUF SAUDA.
  1599 | D:2      | 1599 ||| DROPPING scroll of revelation.
  1600 | D:2      | 1600 ||| DROPPING 2 potions of lignification.
  1649 | D:3      | 1649 ||| STAIRDANCE
  1654 | D:3      | 1654 ||| STAIRDANCE
  1736 | D:3      | Found a radiant altar of Vehumet.
  1736 | D:3      | Noticed a frost-covered statue
  1737 | D:3      | 1737 ||| DRINKING potion of haste.
  1747 | D:3      | Killed a frost-covered statue
  1911 | D:3      | Found a glowing silver altar of Zin.
  2004 | D:3      | Reached XP level 6. HP: 29/35 MP: 8/8
  2011 | D:3      | HP: 8/35 [burnt (2)]
  2013 | D:3      | HP: 1/35 [burnt (4)]
  2014 | D:3      | Incinerated by a bombardier beetle

Levels and vault maps discovered:
D:1:      minmay_arrival_checkered_box, layout_basic, minmay_ruptured
D:2:      layout_loops_corners, serial_shops, shop, small_statue_intersection,
          chequers_serial_rivers_small_3, uniq_crazy_yiuf_cottage, uniq_jessica,
          uniq_sigmund
D:3:      layout_rooms, lemuel_doored_altar, vehumet_statue,
          mainiacjoe_overflow_swirl

Skill      XL: |  1  2  3  4  5 |
---------------+----------------+-----
Ranged Weapons | 6 7 9 |  9.6
Fighting       | 2 |  2.0
Dodging        | |  2.4
Stealth        | |  1.2

Action                     |  1- 3 |  4- 6 || total
---------------------------+-------+-------++-------
   Fire: Shortbow          |    77 |    61 ||   138
    Use: Scroll            |     5 |     5 ||    10
         Potion            |     2 |     1 ||     3
 Armour: Leather armour    |     4 |       ||     4
         Ring mail         |     1 |     5 ||     6
  Dodge: Dodged            |    13 |    15 ||    28

Table legend:
 A = Non-vault XP
 B = Vault XP
 C = Vault XP percentage of total XP
 D = Non-vault monster count
 E = Vault monster count
 F = Vault count percentage of total count
                 A         B        C        D         E       F
            +---------+---------+-------+---------+---------+-------
      Total |     135 |     289 |  68.2 |      42 |       7 |  14.3
            +---------+---------+-------+---------+---------+-------
        D:1 |      23 |       6 |  20.7 |      17 |       4 |  19.0
        D:2 |      30 |     251 |  89.3 |      13 |       2 |  13.3
        D:3 |      82 |      32 |  28.1 |      12 |       1 |   7.7
            +---------+---------+-------+---------+---------+-------
